 Dungeon Crawl Stone Soup version 0.31-a0-977-gc230f8ef24 (webtiles) character file.

Game seed: 4944440026040400282

158 Azuregosa the Chopper (level 5, -5/47 HPs)
             Began as a Minotaur Gladiator on Oct 29, 2023.
             Slain by a gnoll
             ... wielding a +0 club
              (7 damage)
             ... on level 3 of the Dungeon.
             The game lasted 00:04:11 (1665 turns).

Azuregosa the Chopper (Minotaur Gladiator)          Turns: 1665, Time: 00:04:11

Health: -5/47      AC:  4    Str: 20    XL:     5   Next: 16%
Magic:  4/4        EV: 12    Int:  5    God:
Gold:   131        SH:  0    Dex: 12    Spells: 4/4 levels left

rFire   . . .        a - +0 war axe
rCold   . . .        (no shield)
rNeg    . . .        b - +0 leather armour
rPois   .            c - +0 hat
rElec   .            (no cloak)
rCorr   .            k - +0 pair of gloves
SInv    .            (no boots)
Will    .....        (no amulet)
Stlth   +            (no ring)
HPRegen 0.27/turn    (no ring)
MPRegen 0.09/turn

%: no passive effects
@: no status effects
A: horns 2, retaliatory headbutt
a: no special abilities


You were on level 3 of the Dungeon.
You visited 1 branch of the dungeon, and saw 3 of its levels.

You collected 131 gold pieces.

Inventory:

Hand Weapons
 a - a +0 war axe (weapon)
Missiles
 d - 3 throwing nets (quivered)
 e - a javelin
 g - 38 stones
 i - 5 poisoned darts
Armour
 b - a +0 leather armour (worn)
 c - a +0 hat (worn)
 k - a +0 pair of gloves (worn)
Jewellery
 f - a ring of fire
Wands
 u - a wand of roots (13)
Scrolls
 h - 2 scrolls of fear {unknown}
 l - 5 scrolls of identify {unknown}
 m - 2 scrolls of vulnerability {unknown}
 n - 2 scrolls of enchant armour {unknown}
 p - 3 scrolls of revelation {unknown}
 s - 2 scrolls of poison {unknown}
Potions
 j - 3 potions of heal wounds {unknown}
 o - 2 potions of curing {unknown}
 q - a potion of lignification {unknown}
 r - a potion of cancellation {unknown}
 t - a potion of haste {unknown}
 v - a potion of brilliance {unknown}
 w - a potion of mutation {unknown}
 x - a potion of invisibility {unknown}


   Skills:
 + Level 4.9 Fighting
 + Level 5.6 Axes
 - Level 2.0 Throwing
 - Level 3.2 Dodging


You had 4 spell levels left.
You didn't know any spells.
Your spell library was empty.

Dungeon Overview and Level Annotations

Branches:
Dungeon (3/15)

Altars:

Annotations:
D:3 Natasha


Innate Abilities, Weirdness & Mutations

You have a pair of horns on your head.
You reflexively headbutt those who attack you in melee.


Message History

The gnoll hits you with a +0 mace.
Natasha moves out of view.
You slash the gnoll! Your headbutt misses the gnoll.
The gnoll is severely wounded.
The gnoll hits you with a +0 mace.
You closely miss the gnoll.
The gnoll is severely wounded.
The gnoll hits you with a +0 mace. The gnoll closely misses you.
You hit the gnoll but do no damage. Your headbutt misses the gnoll.
The gnoll is severely wounded.
The gnoll hits you with a +0 mace!
The gnoll hits you from afar with a +0 halberd.
You slash the gnoll!
You kill the gnoll!
The gnoll closely misses you.
Natasha hisses angrily.
The gnoll barely misses you.
Things that are here:
a +0 mace; 13 gold pieces; a gnoll corpse You closely miss the gnoll.
The gnoll barely misses you. The gnoll hits you but does no damage.
The gnoll attacks as it pursues you! The gnoll misses you.
The gnoll closely misses you.
You slash the gnoll!
The gnoll is severely wounded.
The gnoll closely misses you. The gnoll hits you but does no damage.
You hit the gnoll.
The gnoll is almost dead.
The gnoll closely misses you. The gnoll hits you with a +0 club.
You completely miss the gnoll. Your headbutt misses the gnoll.
The gnoll is almost dead.
The gnoll hits you from afar with a +0 halberd.
The gnoll hits you with a +0 club.
* * * LOW HITPOINT WARNING * * *
You hit the gnoll. Your headbutt misses the gnoll.
The gnoll is almost dead.
The gnoll barely misses you. The gnoll closely misses you.
The gnoll hits you from afar with a +0 halberd!
* * * LOW HITPOINT WARNING * * *
The gnoll hits you with a +0 club!
You die...

## #.# .### #.# ...##
#######.# ....# #.....#.#
###########
..#.###.###.#.#####.........#
..#..##.#..<#.#. ...........#
..##.##.#.#.#.#. #.........#
..##....#.#.#.#.###.....g..)#
#######.#.#.#.#.@.#...g......
#...#.#.###g#..g..#....
#...#.#.# #h#.###.# .
#.....#.###g...h..#.#######
#..###...####.#####........
#..###........## .......
#...##...##....# .......
#######.#..#...##....####.#
#.)
......................)...#
#..


You could see Natasha and 2 gnolls.

Vanquished Creatures
  Natasha (twice) (D:3)
  Terence (D:3)
  A gnoll (D:3)
  An adder (D:2)
  A worm (D:3)
  3 dart slugs
  4 endoplasms
  4 giant cockroaches
  6 goblins
  4 hobgoblins
  5 jackals (D:1)
  4 ball pythons
  4 bats
  4 frilled lizards
  3 kobolds
  10 rats
57 creatures vanquished.

Notes
Turn   | Place    | Note
-------+----------+-------------------------------------------
     0 | D:1      | Azuregosa the Minotaur Gladiator began the quest for the
                  | Orb.
     0 | D:1      | Reached XP level 1. HP: 18/18 MP: 0/0
   104 | D:1      | Reached skill level 4 in Axes
   104 | D:1      | Reached XP level 2. HP: 22/25 MP: 1/1
   487 | D:2      | Reached XP level 3. HP: 31/31 MP: 2/2
  1073 | D:3      | Noticed Natasha
  1080 | D:3      | Killed Natasha
  1081 | D:3      | Reached skill level 5 in Axes
  1081 | D:3      | Reached XP level 4. HP: 18/40 MP: 3/3
  1186 | D:3      | Noticed Natasha
  1192 | D:3      | Killed Natasha
  1258 | D:3      | Noticed Terence
  1266 | D:3      | Killed Terence
  1370 | D:3      | Reached XP level 5. HP: 47/47 MP: 4/4
  1653 | D:3      | Noticed Natasha
  1664 | D:3      | HP: 1/47 [gnoll/+0 halberd (10)]
  1665 | D:3      | Slain by a gnoll

Illustrated notes

Levels and vault maps discovered:
D:1:      minmay_arrival_arboretum_small, layout_rooms,
          minmay_misc_feat_more_columns, chequers_serial_rivers_micro_c
D:2:      layout_loops_ring
D:3:      layout_basic, uniq_terence, uniq_natasha

Skill      XL: |  1  2  3 |
---------------+----------+-----
Axes           | 4 5 |  5.6
Fighting       | 3 4 |  4.9
Throwing       | |  2.0
Dodging        | |  3.2

Action                     |  1- 3 |  4- 6 || total
---------------------------+-------+-------++-------
  Melee: War axe           |    61 |    37 ||    98
         Headbutt          |     7 |     7 ||    14
         Punch             |       |     1 ||     1
   Stab: Sleeping          |       |     1 ||     1
 Armour: Leather armour    |    41 |    27 ||    68
  Dodge: Dodged            |    46 |    28 ||    74

Table legend: (Time is in decaauts)
 A = Elapsed time spent in this place.
 B = Non-inter-level travel time spent in this place.
 C = Inter-level travel time spent in this place.
 D = Time resting spent in this place.
 E = Time spent auto-exploring this place.
 F = Levels seen in this place.
 G = Mean time per level.
                   A        B        C        D        E       F      G
               +--------+--------+--------+--------+--------+-----+--------+
         Total |   1690 |   1620 |     70 |    179 |    981 |   3 |  563.3 |
       Dungeon |   1690 |   1620 |     70 |    179 |    981 |   3 |  563.3 |
               +--------+--------+--------+--------+--------+-----+--------+

Top non-repeatable levels by time:
     D:3: 628 daAuts
     D:2: 579 daAuts
     D:1: 482 daAuts
